 Dungeon Crawl Stone Soup version bcrawl-1.35.4c (webtiles) character file.

Game seed: 13872033862025721811

145782 HammerPanzer the Ruffian (level 4, -7/66 HPs)
             Began as a Troll Berserker on Feb 6, 2022.
             Was a Believer of Trog.
             Mangled by an ice beast (8 damage)
             ... on level 3 of the Dungeon.
             The game lasted 00:04:24 (1604 turns).

HammerPanzer the Ruffian (Troll Berserker)          Turns: 1604, Time: 00:04:25

Health: -7/66      AC:  5    Str: 31    XL:     4   Next: 31%
Magic:  3/3        EV: 10    Int:  4    God:    Trog [**....]
Gold:   237        SH:  0    Dex:  9    Spells: 3/3 levels left

rFire    . . .     SeeInvis .     - Claws (21.6)
rCold    . . .     Gourm    +   (no shield)
rNeg     . . .     Faith    .   (armour unavailable)
rPois    .         Spirit   .   (helmet restricted)
rElec    .         Reflect  .   (no cloak)
rCorr    .                      (gloves unavailable)
MR       .....                  (boots unavailable)
Stlth    ..........             (no amulet)
HPRegen  0.61/turn              (no ring)
MPRegen  0.08/turn              (no ring)

@: berserking, very quick
A: large, almost no armour, claws 3, fast metabolism 3, gourmand, regeneration
1, AC +5
a: Berserk, Trog's Hand, Renounce Religion


You were on level 3 of the Dungeon.
You worshipped Trog.
Trog was pleased with you.
You were very full.

You visited 1 branch of the dungeon, and saw 3 of its levels.

You collected 237 gold pieces.

Inventory:

Scrolls
 h - a scroll of enchant armour {unknown}
 i - 2 scrolls of identify
 l - a scroll of teleportation
Potions
 a - a potion of ambrosia {unknown}
 b - a potion of magic {unknown}
 c - a potion of mutation {unknown}
 d - a potion of brilliance {unknown}
 f - a potion of invisibility {unknown}
 g - a potion of flight {unknown}
 k - 2 potions of curing {unknown}
 m - a potion of cancellation {unknown}
 n - a potion of haste {unknown}
Comestibles
 e - 13 rations {!d}
 j - 2 chunks of flesh


   Skills:
 + Level 2.9 Fighting
 + Level 3.0 Dodging
 * Level 4.2 Unarmed Combat


You had 3 spell levels left.
You didn't know any spells.
Your spell library was empty.

Dungeon Overview and Level Annotations

Branches:
Dungeon (3/12)

Altars:
Ashenzari
Elyvilon
Yredelemnul


Innate Abilities, Weirdness & Mutations

You cannot wear most types of armour.
Your thick skin is tough. (AC +5)
You are too large for most types of armour.
You have claws for hands.
Your metabolism is lightning-fast.
You like to eat raw meat.
Your natural rate of healing is unusually fast.


Message History

The ice beast is severely wounded.
The ice beast barely misses you.
You barely miss the ice beast.
The ice beast is severely wounded.
The ice beast hits you. The ice beast freezes you!
You scratch the worm but do no damage. The worm barely misses you.
The ice beast hits you. The ice beast freezes you!
* * * LOW HITPOINT WARNING * * *
A red film seems to cover your vision as you go berserk!
You feel yourself moving faster!
You feel mighty! The ice beast barely misses you. The worm bites you!
* * * LOW HITPOINT WARNING * * *
You barely miss the ice beast.
The ice beast is severely wounded.
You closely miss the ice beast.
The ice beast is severely wounded.
The ice beast hits you.
* * * LOW HITPOINT WARNING * * *
The ice beast freezes you!
You die...

...<..# ...... .######
...... .# #.# #....# .#
#.# #..^.# #####
#.#######....# ....#
#... ..#....# # .8..#
#..####.#....#.# 8_8.#
#.......#......#
.8..###..#......@Y#
.......[.#.#..##w......#
....###.......##.#####(#
....# #.#......... #####
#.#..#.###.##
#...........
###.######.. #.# ##. #.#


You could see an ice beast and a worm.

Vanquished Creatures
  2 adders (D:3)
  3 worms (D:2)
  2 dart slugs
  2 leopard geckos
  2 orcs
  5 bats
  2 giant cockroaches
  6 goblins
  9 hobgoblins
  A jackal (D:3)
  A ball python (D:1)
  2 frilled lizards (D:2)
  7 kobolds
  7 rats
51 creatures vanquished.

Notes
Turn   | Place    | Note
-------+----------+-------------------------------------------
     0 | D:1      | HammerPanzer the Troll Berserker began the quest for the
                  | Orb.
     0 | D:1      | Reached XP level 1. HP: 22/22 MP: 0/0
    93 | D:1      | Reached XP level 2. HP: 25/29 MP: 1/1
   585 | D:1      | Reached XP level 3. HP: 36/36 MP: 2/2
   706 | D:2      | Reached ** piety under Trog
   856 | D:2      | Found a shattered altar of Ashenzari.
  1049 | D:2      | Reached skill level 4 in Unarmed Combat
  1246 | D:3      | Found a white marble altar of Elyvilon.
  1278 | D:3      | Gained mutation: Your natural rate of healing is unusually
                  | fast. [Troll growth]
  1278 | D:3      | Reached XP level 4. HP: 44/44 MP: 3/3
  1461 | D:3      | Found a basalt altar of Yredelemnul.
  1531 | D:3      | Found a faded altar of an unknown god.
  1590 | D:3      | Noticed an ice beast
  1604 | D:3      | HP: 1/66 [ice beast (4)]
  1604 | D:3      | Mangled by an ice beast

Skill      XL: |  1  2  3  4 |
---------------+-------------+-----
Unarmed Combat | 4 |  4.2
Dodging        | 3 |  3.0
Fighting       | |  2.9

Action                   |  1- 3 |  4- 6 || total
-------------------------+-------+-------++-------
Melee: Unarmed           |   113 |    23 ||   136
       Punch             |       |     1 ||     1
Invok: Berserk           |       |     1 ||     1
  Use: Scroll            |     7 |       ||     7
 Stab: Sleeping          |     1 |       ||     1
  Eat: Chunk             |    15 |     3 ||    18
Armor: Skin              |    37 |     2 ||    39
Dodge: Dodged            |    50 |    10 ||    60
